 Dungeon Sprint DCSS version 0.17-a0-1719-g1afd5a1 (webtiles) character file.

5200000 ztt the Plane Walker (level 27, -46/273 HPs)
             Began as a Ghoul Warper on Aug 27, 2015.
             Was the Champion of Makhleb.
             Annihilated by The Servant
             ... wielding a +9 glaive of flaming
              (65 damage)
             ... in the Dungeon (Sprint VIII: "Arena of Blood").
             The game lasted 00:01:19 (52 turns).

ztt the Plane Walker (Ghoul Warper)                   Turns: 52, Time: 00:01:20

Health: -46/273    AC:  6    Str: 28    XL:     27
Magic:  14/53      EV: 21    Int:  8    God:    Makhleb [******]
Gold:   0          SH:  0    Dex:  8    Spells: 1 memorised, 79 levels left

rFire  . . .     SeeInvis .     l - +∞ Axe of Woe
rCold  + . .     Clarity  .     b - +0 leather armour
rNeg   + + +     SustAt   .     (no shield)
rPois  ∞         Gourm    .     (no helmet)
rElec  .         Spirit   .     (no cloak)
rCorr  .         Warding  .     (no gloves)
rMut   .         NoTele   +     (no boots)
MR     ++...                    (no amulet)
Stlth  +++++++++.               (no ring)
                                (no ring)

@: rotting, very resistant to hostile enchantments, incredibly stealthy
A: rotting body, claws 1, carnivore 3, cold resistance 1, negative energy
resistance 3, slow healing 1, torment resistance, unbreathing
a: Minor Destruction, Lesser Servant of Makhleb, Major Destruction, Greater
Servant of Makhleb, Renounce Religion


You were in the Dungeon.
You worshipped Makhleb.
Makhleb was exalted by your worship.
You were not hungry.

You visited 1 branch

Inventory:

Hand weapons
 a - a +0 hand axe
 l - the +∞ Axe of Woe (weapon)
   (You found it in the Dungeon)
Missiles
 e - 5 tomahawks of dispersal (quivered)
Armour
 b - a +0 leather armour (worn)
Scrolls
 d - 2 scrolls of blinking
Potions
 g - a potion of curing
 h - a potion of heal wounds
 i - a potion of haste
 j - 2 potions of magic
 k - a potion of berserk rage
Books
 c - a book of Spatial Translocations

   Spells                             Type                      Level
   a - Apportation                    Translocation                1
   b - Blink                          Translocation                2
   c - Shroud of Golubria             Charms/Translocation         2
   d - Portal Projectile              Translocation                3
   e - Teleport Other                 Translocation                3
   f - Passage of Golubria            Translocation                4
Comestibles
 f - a meat ration


   Skills:
 O Level 27 Fighting
 O Level 27 Axes
 O Level 27 Throwing
 O Level 27 Armour
 O Level 27 Dodging
 O Level 27 Stealth
 O Level 27 Unarmed Combat
 O Level 27 Spellcasting
 O Level 27 Translocations
 O Level 27 Invocations


You had 79 spell levels left.
You knew the following spells:

 Your Spells              Type           Power        Failure   Level  Hunger
a - Apportation           Tloc           ######....   0%          1    None


Dungeon Overview and Level Annotations

Branches:
Dungeon (1/1)

Altars:
Makhleb

Annotations:
D The Servant


Innate Abilities, Weirdness & Mutations

Your body is rotting away.
You thrive on raw meat.
You are immune to poison.
You have sharp fingernails.
You are carnivorous and can eat meat at any time.
Your flesh is cold resistant.
You are immune to negative energy.
You heal slowly when monsters are visible.
You are immune to unholy pain and torment.
You can survive without breathing.


Message History

The fiery explosion engulfs the large abomination.
The fiery explosion engulfs the meat berserker.
Makhleb accepts your kill.
You feel better.
You slice the bag of meat!! You chop the bag of meat into pieces.
You kill the bag of meat!
Makhleb accepts your kill.
You feel better.
You hear a shout! x7
A crawling corpse merges with a large abomination.
You hear a shout! x4 2 orcs come into view.
A bag of meat comes into view. It is wielding a +9 war axe.
The bag of meat shouts!
The bag of meat moves out of view.
The Servant hits you with a +9 glaive of flaming!!!!
Ouch! That really hurt!
* * * LOW HITPOINT WARNING * * *
The Servant burns you!!!
You die...

...###....)))###....
.....#.).))).#......
.....#.))))..#.... .
.......)))........
...%..)))X.......#
.....o.§§o......#
......)§§)....##..
....#.§§XXX@.#....
.......o§§@.o#...
...##.#§§.)o..o.o.
.......§.O...oo.o. #
#.%%.#.....####.
.......%......
..%%....%.......
......%=.......
###############


You could see The Servant, 4 large abominations, a meat berserker (berserk) and
10 bags of meat.

Vanquished Creatures
  12 vampire knights (D)
  15 ogres (D)
  42 orcs (D)
  4 hill giants (D)
  3 skeletal warriors (D)
  A large abomination (D)
  2 small abominations (D)
  2 crawling corpses (D)
81 creatures vanquished.

Vanquished Creatures (others)
  A small abomination (D)
  2 crawling corpses (D)
3 creatures vanquished.

Grand Total: 84 creatures vanquished

Notes
Turn   | Place    | Note
--------------------------------------------------------------
     0 | D        | ztt the Ghoul Warper began the quest for the Orb.
     0 | D        | Reached XP level 1. HP: 17/17 MP: 2/2
     3 | D        | Noticed a bag of meat
     3 | D        | Noticed a meat berserker
     4 | D        | Noticed a meat berserker
     4 | D        | Killed a meat berserker
     4 | D        | Reached skill level 13 in Fighting
     4 | D        | Reached skill level 20 in Translocations
     4 | D        | Reached XP level 2. HP: 20/44 MP: 2/13
     4 | D        | Reached XP level 3. HP: 22/50 MP: 2/15
     4 | D        | Reached XP level 4. HP: 25/58 MP: 2/16
     4 | D        | Reached XP level 5. HP: 27/64 MP: 2/18
     4 | D        | Reached XP level 6. HP: 30/72 MP: 2/19
     4 | D        | Reached XP level 7. HP: 32/79 MP: 2/21
     4 | D        | Reached XP level 8. HP: 34/86 MP: 2/22
     4 | D        | Reached XP level 9. HP: 36/93 MP: 2/23
     4 | D        | Reached XP level 10. HP: 39/101 MP: 2/24
     4 | D        | Reached XP level 11. HP: 41/107 MP: 2/25
     4 | D        | Reached XP level 12. HP: 44/115 MP: 2/26
     4 | D        | Reached XP level 13. HP: 46/122 MP: 2/27
     5 | D        | Noticed a bag of meat
     5 | D        | Became a worshipper of Makhleb the Destroyer
     6 | D        | Noticed a bag of meat
     7 | D        | Noticed a meat berserker
     7 | D        | Noticed a bag of meat
     9 | D        | Killed a meat berserker
     9 | D        | Reached skill level 15 in Fighting
     9 | D        | Reached skill level 5 in Throwing
     9 | D        | Reached skill level 23 in Translocations
     9 | D        | Reached XP level 14. HP: 48/135 MP: 3/30
     9 | D        | Killed a meat berserker
     9 | D        | Acquired Makhleb's first power
     9 | D        | Reached skill level 25 in Translocations
     9 | D        | Reached XP level 15. HP: 50/147 MP: 3/32
    10 | D        | Noticed a bag of meat
    10 | D        | Killed a bag of meat
    10 | D        | Reached skill level 15 in Axes
    10 | D        | Reached skill level 15 in Spellcasting
    10 | D        | Reached skill level 26 in Translocations
    10 | D        | Reached XP level 16. HP: 111/157 MP: 3/34
    11 | D        | Noticed a meat berserker
    11 | D        | Noticed a bag of meat
    11 | D        | Killed a bag of meat
    11 | D        | Acquired Makhleb's second power
    11 | D        | Reached skill level 15 in Dodging
    11 | D        | Reached skill level 27 in Translocations
    12 | D        | Noticed a bag of meat
    12 | D        | Noticed a meat berserker
    12 | D        | Killed a bag of meat
    12 | D        | Reached skill level 5 in Armour
    12 | D        | Killed a bag of meat
    12 | D        | Acquired Makhleb's third power
    12 | D        | Reached XP level 17. HP: 167/173 MP: 4/37
    13 | D        | Noticed a bag of meat
    13 | D        | Noticed a meat berserker
    13 | D        | Noticed a bag of meat
    14 | D        | Noticed a bag of meat
    14 | D        | Noticed a bag of meat
    14 | D        | Killed a meat berserker
    15 | D        | Noticed a meat berserker
    15 | D        | Noticed a bag of meat
    15 | D        | Noticed a bag of meat
    15 | D        | Noticed a meat berserker
    15 | D        | Noticed a bag of meat
    15 | D        | Noticed a bag of meat
    15 | D        | Noticed a bag of meat
    16 | D        | Noticed a meat berserker
    16 | D        | Noticed a bag of meat
    16 | D        | Killed a meat berserker
    16 | D        | Acquired Makhleb's fourth power
    16 | D        | Reached XP level 18. HP: 161/192 MP: 5/41
    16 | D        | Killed a bag of meat
    16 | D        | Killed a bag of meat
    16 | D        | Reached skill level 10 in Throwing
    16 | D        | Killed a bag of meat
    16 | D        | Acquired Makhleb's fifth power
    16 | D        | Reached skill level 27 in Fighting
    16 | D        | Reached XP level 19. HP: 202/207 MP: 5/44
    17 | D        | Noticed a bag of meat
    17 | D        | Noticed a large bag of meat
    17 | D        | Noticed a bag of meat
    17 | D        | Noticed a meat berserker
    17 | D        | Noticed a bag of meat
    18 | D        | Killed a bag of meat
    18 | D        | Killed a bag of meat
    18 | D        | Killed a bag of meat
    18 | D        | Reached skill level 27 in Axes
    19 | D        | Killed a meat berserker
    19 | D        | Reached XP level 20. HP: 216/216 MP: 6/49
    19 | D        | Killed a bag of meat
    19 | D        | Reached skill level 27 in Spellcasting
    19 | D        | Killed a bag of meat
    20 | D        | Noticed a destroyer
    20 | D        | Noticed a bag of meat
    20 | D        | Noticed a meat berserker
    20 | D        | Noticed a large bag of meat
    21 | D        | Noticed a bag of meat
    21 | D        | Noticed a bag of meat
    21 | D        | Killed a meat berserker
    21 | D        | Reached skill level 27 in Dodging
    21 | D        | Reached XP level 21. HP: 224/224 MP: 6/51
    21 | D        | Killed a meat berserker
    21 | D        | Killed a bag of meat
    21 | D        | Reached skill level 27 in Throwing
    22 | D        | Noticed a bag of meat
    22 | D        | Noticed a bag of meat
    22 | D        | Noticed a bag of meat
    22 | D        | Killed a bag of meat
    22 | D        | Killed a large bag of meat
    23 | D        | Noticed a bag of meat
    23 | D        | Noticed a bag of meat
    23 | D        | Noticed a bag of meat
    24 | D        | Noticed a meat berserker
    24 | D        | Killed a meat berserker
    24 | D        | Reached skill level 15 in Armour
    24 | D        | Reached skill level 15 in Unarmed Combat
    24 | D        | Reached skill level 15 in Invocations
    24 | D        | Reached XP level 22. HP: 233/233 MP: 7/52
    24 | D        | Killed a bag of meat
    24 | D        | Killed a meat berserker
    24 | D        | Killed a meat berserker
    24 | D        | Reached XP level 23. HP: 240/240 MP: 7/53
    25 | D        | Noticed a bag of meat
    25 | D        | Noticed a bag of meat
    26 | D        | Killed a bag of meat
    26 | D        | Killed a large bag of meat
    26 | D        | Killed a bag of meat
    27 | D        | Noticed a bag of meat
    27 | D        | Noticed a bag of meat
    27 | D        | Killed a bag of meat
    27 | D        | Killed a bag of meat
    27 | D        | Reached skill level 27 in Stealth
    28 | D        | Killed a bag of meat
    28 | D        | Killed a bag of meat
    28 | D        | Reached skill level 27 in Unarmed Combat
    28 | D        | Reached skill level 27 in Invocations
    28 | D        | Reached XP level 24. HP: 249/249 MP: 8/53
    28 | D        | Noticed a destroyer
    29 | D        | Killed a bag of meat
    29 | D        | Reached skill level 27 in Armour
    29 | D        | Killed a meat berserker
    29 | D        | Killed a bag of meat
    29 | D        | Killed a bag of meat
    30 | D        | Noticed a bag of meat
    30 | D        | Noticed The Servant
    30 | D        | Noticed a meat berserker
    30 | D        | Killed a bag of meat
    31 | D        | Killed a bag of meat
    31 | D        | Reached XP level 25. HP: 257/257 MP: 9/53
    32 | D        | Noticed a sculptor of flesh
    32 | D        | Noticed a sculptor of flesh
    32 | D        | Killed a destroyer
    32 | D        | Killed a bag of meat
    33 | D        | Noticed a destroyer
    33 | D        | Noticed a destroyer
    33 | D        | Noticed a large bag of meat
    33 | D        | Noticed a bag of meat
    33 | D        | Noticed a bag of meat
    33 | D        | Noticed a destroyer
    33 | D        | Noticed a destroyer
    34 | D        | Noticed a bag of meat
    34 | D        | Noticed a destroyer
    35 | D        | Noticed a destroyer
    35 | D        | Noticed a bag of meat
    35 | D        | Noticed a destroyer
    35 | D        | Killed a bag of meat
    35 | D        | Killed a bag of meat
    35 | D        | Killed a meat berserker
    35 | D        | Reached XP level 26. HP: 266/266 MP: 10/53
    36 | D        | Noticed a meat berserker
    36 | D        | Noticed a bag of meat
    36 | D        | Noticed a large bag of meat
    37 | D        | Noticed a bag of meat
    37 | D        | Noticed a bag of meat
    37 | D        | Killed a destroyer
    38 | D        | Noticed a bag of meat
    38 | D        | Killed a destroyer
    38 | D        | Killed a destroyer
    38 | D        | Reached XP level 27. HP: 273/273 MP: 10/53
    38 | D        | Killed a destroyer
    38 | D        | Killed a bag of meat
    39 | D        | Noticed a destroyer
    40 | D        | Noticed a bag of meat
    40 | D        | Killed a large bag of meat
    40 | D        | Killed a bag of meat
    40 | D        | Killed a meat berserker
    41 | D        | Noticed a destroyer
    41 | D        | Killed a bag of meat
    41 | D        | Killed a destroyer
    42 | D        | Killed a destroyer
    42 | D        | Killed a bag of meat
    42 | D        | Killed a bag of meat
    42 | D        | Killed a bag of meat
    42 | D        | Killed a destroyer
    43 | D        | Noticed a destroyer
    43 | D        | Killed a bag of meat
    43 | D        | Killed a bag of meat
    43 | D        | Killed a destroyer
    43 | D        | Killed a destroyer
    44 | D        | Noticed a sculptor of flesh
    44 | D        | Noticed a bag of meat
    44 | D        | Killed a destroyer
    44 | D        | Killed a destroyer
    45 | D        | Noticed a bag of meat
    45 | D        | Noticed a meat berserker
    46 | D        | Noticed a bag of meat
    47 | D        | Noticed a bag of meat
    47 | D        | Noticed a bag of meat
    48 | D        | Noticed a bag of meat
    48 | D        | Killed a bag of meat
    48 | D        | Killed a bag of meat
    48 | D        | Killed a sculptor of flesh
    48 | D        | Killed a bag of meat
    49 | D        | Noticed a meat berserker
    49 | D        | Killed a bag of meat
    49 | D        | Killed a meat berserker
    49 | D        | Killed a sculptor of flesh
    50 | D        | Noticed a bag of meat
    50 | D        | Killed a sculptor of flesh
    51 | D        | Killed a large bag of meat
    51 | D        | Killed a bag of meat
    52 | D        | Noticed a bag of meat
    52 | D        | Noticed a bag of meat
    52 | D        | Noticed a bag of meat
    52 | D        | Annihilated by The Servant

Vault maps used:
D:        meatsprint

Action                   |  1- 3 |  4- 6 |  7- 9 | 10-12 | 13-15 | 16-18 | 19-21 | 22-24 | 25-27 || total
-------------------------+-------+-------+-------+-------+-------+-------+-------+-------+-------++-------
Melee: Executioner's axe |     1 |       |       |       |     2 |     4 |     5 |     6 |    13 ||    31
